 Dungeon Crawl Stone Soup version 0.31-a0-978-g1e143483b6 (webtiles) character file.

Game seed: 16370668817207864283

84 ytrimaz the Sneak (level 4, 0/42 HPs)
             Began as an Octopode Shapeshifter on Oct 30, 2023.
             Slain by Terence
             ... wielding a +1 mace of protection
              (2 damage)
             ... on level 3 of the Dungeon.
             The game lasted 00:01:35 (1758 turns).

ytrimaz the Sneak (Octopode Shapeshifter)           Turns: 1758, Time: 00:01:36

Health: 0/42       AC: 26    Str: 13    XL:     4   Next: 45%
Magic:  4/4        EV:  2    Int: 12    God:
Gold:   112        SH:  0    Dex: 13    Spells: 3/3 levels left

rFire   + .          .
                       - Unarmed
rCold   . . .        (no shield)
rNeg    . . .        (helmet currently unavailable)
rPois   +            (no amulet)
rElec   .            h - ring of protection from fire
rCorr   .            j - +4 ring of protection
SInv    .            n - ring of wizardry
Will    .....        (no ring)
Stlth   +++          (no ring)
HPRegen 0.27/turn    (no ring)
MPRegen 0.09/turn    (no ring)
                     (no ring)

%: wizardry (x1)
@: tree-form
A: stationary, stasis, torment immunity, boosted hp, almost no armour,
(amphibious), 8 rings, (camouflage 1), (gelatinous body 1), (nimble swimmer 1),
(tentacles)
a: no special abilities


You were on level 3 of the Dungeon.
You were a tree.
You visited 1 branch of the dungeon, and saw 3 of its levels.

You collected 112 gold pieces.


Innate Abilities, Weirdness & Mutations

You are a tree.
Your roots penetrate the ground, keeping you stationary.
You cannot be teleported.
You are immune to unholy pain and torment.
Your maximum health is greatly increased.
You cannot wear most types of armour.
((You are amphibious.))
You can wear up to eight rings at the same time.
((Your skin changes colour to match your surroundings (Stealth+).))
((Your rubbery body absorbs attacks. (AC +1, EV +1)))
((You are camouflaged when in or above water. (Stealth+)))
((You have tentacles for arms and can constrict up to eight enemies at once.))


   Skills:
 - Level 1.0 Fighting
 - Level 2.0 Dodging
 * Level 4.6 Stealth
 + Level 3.8 Unarmed Combat
 - Level 3.0 Shapeshifting


You had 3 spell levels left.
You didn't know any spells.
Your spell library contained the following spells:

 Spells                   Type           Power      Damage    Failure   Level
 Shock                    Conj/Air       0%         1d3       13%         1
 Hailstorm                Conj/Ice       0%         3d3       36%         3
 Swiftness                Air            0%         N/A       36%         3
 Airstrike                Air            0%         2d(0-16)  75%         4
 Summon Ice Beast         Ice/Summ       0%         N/A       75%         4
 Simulacrum               Ice/Necr       0%         N/A       100%        6

Inventory:

Jewellery
 g - a ring of ice
   (You found it on level 1 of the Dungeon)
 h - a ring of protection from fire (left branch)
   (You found it on level 2 of the Dungeon)
 j - a +4 ring of protection (right branch)
   (You found it on level 2 of the Dungeon)
 n - a ring of wizardry (on tentacle)
   (You found it on level 3 of the Dungeon)
Talismans
 b - a beast talisman
 c - a flux talisman
Scrolls
 f - a scroll of enchant armour {unknown}
 i - a scroll of blinking
 k - a scroll of teleportation {unknown}
 l - a scroll of poison {unknown}
 m - 2 scrolls of identify
Potions
 d - 3 potions of enlightenment {unknown}
 e - a potion of haste {unknown}

Dungeon Overview and Level Annotations

Branches:
Dungeon (3/15) Zot: 16246

Altars:

Annotations:
D:3 Terence

#. ##.## .... ... ..
#.## #g@# #♣# #+#
##### #.# #
###.###...##.###.##.#
#...†.....##....†...#
#.#.###...######.####
#....###.## #.#
.<....##.# #.#
#....###.# #.# #.#..#
#.#######.#


You could see Terence and a goblin.


Message History

You feel sick. 😱 HP[-1]
You take 1 damage, and now have 6/28 hp.
* * * LOW HITPOINT WARNING * * *
You feel sick. 😱 HP[-1]
You take 1 damage, and now have 5/28 hp.
* * * LOW HITPOINT WARNING * * *
You feel sick. 😱 HP[-1]
You take 1 damage, and now have 4/28 hp.
* * * LOW HITPOINT WARNING * * *
You feel sick. 😱 HP[-1]
You take 1 damage, and now have 3/28 hp.
You start resting.
* * * LOW HITPOINT WARNING * * *
You feel sick.
* * * LOW HITPOINT WARNING * * *
You feel sick. 😱 HP[-1]
You take 1 damage, and now have 2/28 hp.
* * * LOW HITPOINT WARNING * * *
You feel sick.
You are no longer poisoned. 😱 HP[-1]
You take 1 damage, and now have 1/28 hp.
You start resting. 😎 HP[+27]
Your hp is fully restored (28).
Unknown command.
Terence shouts!
You hear a shout!
You tentacle-slap Terence but do no damage.
Your grab misses Terence. You squeeze Terence, but do no damage.
Terence completely misses you.
You closely miss Terence. You grab Terence.
You constrict Terence, but do no damage.
Terence hits you with a +1 mace of protection. 😕 HP[-2]
You take 2 damage, and now have 26/28 hp.
You tentacle-slap Terence but do no damage.
You constrict Terence, but do no damage.
A goblin comes into view. It is wielding a +0 club.
Terence hits you with a +1 mace of protection. 😕 HP[-2]
You take 2 damage, and now have 24/28 hp.
Unknown command.
You tentacle-slap Terence. You constrict Terence. 😕 HP[+1]
You tentacle-slap Terence.
You constrict Terence, but do no damage.
Terence closely misses you.
Unknown command.
You tentacle-slap Terence but do no damage.
You squeeze Terence, but do no damage. You constrict Terence.
Terence hits you with a +1 mace of protection. 😕 HP[-3]
You take 3 damage, and now have 22/28 hp.
You tentacle-slap Terence but do no damage.
You squeeze Terence.
You constrict Terence, but do no damage.
Terence hits you with a +1 mace of protection!
* * * LOW HITPOINT WARNING * * *
😨 HP[-8]
You take 8 damage, and now have 14/28 hp.
MASSIVE DAMAGE!! (PAUSE)
You tentacle-slap Terence but do no damage.
You squeeze Terence, but do no damage.
You constrict Terence, but do no damage.
The goblin hits you but does no damage.
Terence hits you with a +1 mace of protection.
* * * LOW HITPOINT WARNING * * *
😨 HP[-5]
You take 5 damage, and now have 9/28 hp.
You barely miss Terence.
You constrict Terence, but do no damage.
The goblin hits you but does no damage.
Terence hits you with a +1 mace of protection.
* * * LOW HITPOINT WARNING * * *
😱 HP[-5]
You take 5 damage, and now have 4/28 hp.
Unknown command.
You tentacle-slap Terence but do no damage.
You constrict Terence, but do no damage.
The goblin hits you with a +0 club.
* * * LOW HITPOINT WARNING * * *
Terence closely misses you. 😱 HP[-1]
You take 1 damage, and now have 3/28 hp.
Your transformation has ended.
You turn into a tree.
Your roots penetrate the ground.
You lose your grip on Terence.
The goblin hits you but does no damage.
Terence hits you with a +1 mace of protection.
* * * LOW HITPOINT WARNING * * *
😱 HP[-1]
You now have 42 max hp (+14).
Unknown command.
You barely miss Terence. The goblin hits you but does no damage.
Terence hits you with a +1 mace of protection.
You die...

Skill      XL: |  1  2  3 |
---------------+----------+-----
Stealth        | 1 3 4 |  4.6
Fighting       | |  1.0
Dodging        | |  2.0
Unarmed Combat | |  3.8
Shapeshifting  | |  3.0

Action                     |  1- 3 |  4- 6 || total
---------------------------+-------+-------++-------
  Melee: Unarmed           |    40 |    11 ||    51
         Constrict         |    11 |     1 ||    12
         Tentacles         |     9 |     4 ||    13
    Use: Scroll            |     2 |       ||     2
         Potion            |       |     1 ||     1
   Stab: Sleeping          |    10 |       ||    10
 Armour: Skin              |    10 |    13 ||    23
  Dodge: Dodged            |    21 |     3 ||    24

Levels and vault maps discovered:
D:1:      shiori_arrival_maze, layout_loops_corners, minmay_pentomino_s4
D:2:      layout_loops_cross, ebering_ecumenical_altar_rust
D:3:      layout_loops_corners, minmay_misc_feat_diagonals,
          chequers_serial_rivers_small_b, minmay_joined_circles, uniq_terence

Notes
Turn   | Place    | Note
-------+----------+-------------------------------------------
     0 | D:1      | ytrimaz the Octopode Shapeshifter began the quest for the
                  | Orb.
     0 | D:1      | Reached XP level 1. HP: 13/13 MP: 1/1
     0 | D:1      | magus.rc [v1.9.6]
    38 | D:1      | Reached skill level 1 in Stealth
   148 | D:1      | Reached XP level 2. HP: 8/18 MP: 2/2
   294 | D:1      | Reached skill level 2 in Stealth
  1032 | D:2      | You pick up a book of Air and begin reading...
  1032 | D:2      | You add the spells Shock, Swiftness and Airstrike to your
                  | library.
  1104 | D:2      | Found a faded altar of an unknown god.
  1133 | D:2      | You pick up a book of the Tundra and begin reading...
  1133 | D:2      | You add the spells Hailstorm, Summon Ice Beast and
                  | Simulacrum to your library.
  1236 | D:2      | Reached skill level 3 in Stealth
  1236 | D:2      | Reached XP level 3. HP: 23/23 MP: 3/3
  1608 | D:3      | Noticed a scorpion
  1618 | D:3      | Killed a scorpion
  1619 | D:3      | Reached skill level 4 in Stealth
  1619 | D:3      | Reached XP level 4. HP: 11/28 MP: 4/4
  1619 | D:3      | Noticed Terence
  1620 | D:3      | HP: 7/28 [poisoned by a scorpion]
  1624 | D:3      | HP: 3/28 [poisoned by a scorpion]
  1627 | D:3      | HP: 1/28 [poisoned by a scorpion]
  1755 | D:3      | HP: 4/28 [Terence/+1 mace of protection (6)]
  1758 | D:3      | Slain by Terence

Vanquished Creatures
  A scorpion (D:3)
  2 dart slugs
  2 endoplasms
  A giant cockroach (D:1)
  2 hobgoblins (D:1)
  A kobold (D:1)
  A quokka (D:1)
  6 ball pythons
  2 bats
  A frilled lizard (D:1)
  3 goblins
  3 rats
25 creatures vanquished.

Table legend:
 A = Non-vault XP
 B = Vault XP
 C = Vault XP percentage of total XP
 D = Non-vault monster count
 E = Vault monster count
 F = Vault count percentage of total count
                 A         B        C        D         E       F
            +---------+---------+-------+---------+---------+-------
      Total |     112 |       8 |   6.7 |      20 |       5 |  20.0
            +---------+---------+-------+---------+---------+-------
        D:1 |      18 |       8 |  30.8 |      11 |       5 |  31.2
        D:2 |      11 |       0 |   0.0 |       7 |       0 |   0.0
        D:3 |      83 |       0 |   0.0 |       2 |       0 |   0.0
            +---------+---------+-------+---------+---------+-------

Skill      XL: |  1  2  3 |
---------------+----------+-----
Stealth        | 1 3 4 |  4.6
Fighting       | |  1.0
Dodging        | |  2.0
Unarmed Combat | |  3.8
Shapeshifting  | |  3.0

Action                     |  1- 3 |  4- 6 || total
---------------------------+-------+-------++-------
  Melee: Unarmed           |    40 |    11 ||    51
         Constrict         |    11 |     1 ||    12
         Tentacles         |     9 |     4 ||    13
    Use: Scroll            |     2 |       ||     2
         Potion            |       |     1 ||     1
   Stab: Sleeping          |    10 |       ||    10
 Armour: Skin              |    10 |    13 ||    23
  Dodge: Dodged            |    21 |     3 ||    24

Illustrated notes

Table legend:
 A = Kills in this place as a percentage of kills in the entire game.
 B = Kills by you in this place as a percentage of kills by you in the entire game.
 C = Kills by friends in this place as a percentage of kills by friends in the entire game.
 D = Other kills in this place as a percentage of other kills in the entire game.
 E = Experience gained in this place as a percentage of experience gained in the entire game.
 F = Experience gained in this place divided by the number of levels of this place that you have seen.
                   A       B       C       D       E      F
               +-------+-------+-------+-------+-------+----------------------
         Total | 100.0 | 100.0 |   N/A |   N/A | 100.0 |  40.0
       Dungeon | 100.0 | 100.0 |   N/A |   N/A | 100.0 |  40.0
               +-------+-------+-------+-------+-------+----------------------

Table legend: (Time is in decaauts)
 A = Elapsed time spent in this place.
 B = Non-inter-level travel time spent in this place.
 C = Inter-level travel time spent in this place.
 D = Time resting spent in this place.
 E = Time spent auto-exploring this place.
 F = Levels seen in this place.
 G = Mean time per level.
                   A        B        C        D        E       F      G
               +--------+--------+--------+--------+--------+-----+--------+
         Total |   1752 |   1687 |     65 |    109 |   1357 |   3 |  584.0 |
       Dungeon |   1752 |   1687 |     65 |    109 |   1357 |   3 |  584.0 |
               +--------+--------+--------+--------+--------+-----+--------+

Top non-repeatable levels by time:
     D:1: 988 daAuts
     D:2: 553 daAuts
     D:3: 211 daAuts
